 Dungeon Crawl Stone Soup version 0.22.0-13-g43fe8f2 (webtiles) character file.

13560 Gravenous the Grappler (level 11, -8/115 HPs)
             Began as a Troll Arcane Marksman on Aug 16, 2018.
             Mangled by an eight-headed hydra (18 damage)
             ... on level 11 of the Dungeon.
             The game lasted 00:15:11 (9241 turns).

Gravenous the Grappler (Troll Arcane Marksman)      Turns: 9241, Time: 00:15:13

Health: -8/115     AC:  9    Str: 20    XL:     11   Next: 77%
Magic:  11/11      EV: 15    Int: 14    God:
Gold:   532        SH:  0    Dex: 15    Spells: 11/12 levels left

rFire    . . .     SeeInvis .     - Unarmed
rCold    . . .     Gourm    +   (no shield)
rNeg     . . .     Faith    .   x - +0 robe (curse)
rPois    +         Spirit   .   E - +2 hat
rElec    .         Reflect  .   b - +1 cloak
rCorr    .         Harm     .   (gloves unavailable)
MR       .....                  (boots unavailable)
Stlth    ++........             C - amulet of inaccuracy (curse)
HPRegen  0.69/turn              n - +2 ring of intelligence
MPRegen  0.12/turn              l - ring of poison resistance

@: agile, hasted, very quick
A: large, unfitting armour, claws 3, fast metabolism 3, gourmand, regeneration
1, shaggy fur 1, tough skin 2
a: no special abilities


You were on level 11 of the Dungeon.
You were completely stuffed.

You visited 1 branch of the dungeon, and saw 11 of its levels.

You collected 532 gold pieces.

Inventory:

Hand Weapons
 j - a +0 blowgun
Missiles
 c - 4 large rocks (quivered)
 d - a throwing net
 k - 4 curare-tipped needles
Armour
 a - a +0 robe
 b - a +1 cloak (worn)
 x - a cursed +0 robe (worn)
 A - a +2 robe of magic resistance
 D - a +0 hat of intelligence
 E - a +2 hat (worn)
 F - a +0 troll leather armour
Magical Staves
 z - an uncursed staff of power
Jewellery
 l - a ring of poison resistance (right claw)
 m - an uncursed ring of stealth
 n - a +2 ring of intelligence (left claw)
 C - a cursed amulet of inaccuracy (around neck)
Wands
 o - a wand of digging (15)
 u - a wand of flame (74)
 y - a wand of enslavement (43)
 B - a wand of disintegration (6)
Scrolls
 e - a scroll of blinking
 h - 6 scrolls of identify
 i - 2 scrolls of amnesia
 q - a scroll of magic mapping
 s - a scroll of enchant weapon
Potions
 g - 3 potions of degeneration
 p - 2 potions of might
 t - a potion of invisibility
 v - 3 potions of flight
Comestibles
 f - 17 rations
 G - 2 chunks of flesh


   Skills:
 + Level 9.3 Fighting
 - Level 1.7 Throwing
 - Level 1.5 Dodging
 * Level 14.8 Unarmed Combat
 - Level 1.0 Spellcasting
 - Level 2.0 Hexes


You had 11 spell levels left.
You knew the following spells:

 Your Spells              Type           Power        Failure   Level  Hunger
a - Corona                Hex            #......      12%         1    ##.....

Your spell library contained the following spells:

 Spells                   Type           Power        Failure   Level  Hunger
 Cause Fear               Hex            #.........   75%         4    #####..
 Magic Dart               Conj           #...         26%         1    ##.....
 Apportation              Tloc           #.....       26%         1    ##.....
 Conjure Flame            Conj/Fire      #.......     61%         3    ####...
 Lightning Bolt           Conj/Air       #.........   100%        5    ######.
 Slow                     Hex            #.......     17%         2    ###....
 Mephitic Cloud           Conj/Pois/Air  #.......     61%         3    ####...
 Summon Small Mammal      Summ           #...         26%         1    ##.....
 Blink                    Tloc           N/A          36%         2    ###....
 Animate Skeleton         Necr           N/A          26%         1    ##.....
 Call Imp                 Summ           #.......     36%         2    ###....
 Shock                    Conj/Air       #...         26%         1    ##.....
 Swiftness                Chrm/Air       #.......     36%         2    ###....
 Airstrike                Air            #.........   95%         4    #####..
 Confusing Touch          Hex            #.....       12%         1    ##.....
 Static Discharge         Conj/Air       #.......     61%         3    ####...
 Portal Projectile        Hex/Tloc       #.....       45%         3    ####...
 Leda's Liquefaction      Hex/Erth       #.........   86%         4    #####..
 Inner Flame              Hex/Fire       #.......     45%         3    ####...


Dungeon Overview and Level Annotations

Branches:
Dungeon (11/15)            Temple (0/1) D:7            Lair (0/6) D:9
    Orc: D:9-12

Altars:
Cheibriados
Elyvilon
Gozag
Hepliaklqana
Kikubaaqudgha
Nemelex Xobeh
Okawaru
Qazlal
Ru
Trog
Wu Jian
Xom
Yredelemnul
The Shining One

Shops:
D:10 [

Annotations:
D:9 exclusion: 2 doors


Innate Abilities, Weirdness & Mutations

You are too large for most types of armour.
You have claws for hands.
Your metabolism is lightning-fast.
You like to eat raw meat.
Your natural rate of healing is unusually fast.
You are covered in fur. (AC +1)
You have very tough skin. (AC +2)


Message History

Evoke which item? (* to show all) (? for menu, Esc to quit)
Okay, then.
It was a potion of agility.
You feel agile all of a sudden. The eight-headed hydra misses you.
The eight-headed hydra bites you! x4
The eight-headed hydra bites you. The eight-headed hydra bites you!
The eight-headed hydra bites you.
It was a potion of haste.
You feel yourself speed up. The eight-headed hydra bites you!
The eight-headed hydra closely misses you.
The eight-headed hydra bites you but does no damage.
The eight-headed hydra bites you!
* * * LOW HITPOINT WARNING * * *
The eight-headed hydra barely misses you.
The eight-headed hydra bites you!
* * * LOW HITPOINT WARNING * * *
The eight-headed hydra bites you!
* * * LOW HITPOINT WARNING * * *
The eight-headed hydra bites you!!
You die...

#...........# #
#...........#
#######.....# #.....#
#.....#########
#.....................
#.....................
#.....................
#....@................
#....D................
#.....................
#.........[...........
#..........###........
#..........# .......
#........### #######
#........#...........#
#........#...........#


You could see an eight-headed hydra.

Vanquished Creatures
  A two-headed ogre (D:10)
  The ghost of Atoenid the Basher, a novice GrFi of Cheibriados (D:9)
  A wizard (D:11)
  An unseen horror (D:10)
  The ghost of HaroldButt the Destroyer, a novice DEIE of Vehumet (D:7)
  2 deep elf magi (D:10)
  2 gargoyles
  A troll (D:11)
  A hornet (D:9)
  Grinder (D:5)
  3 slime creatures
  2 dream sheep
  A hippogriff (D:9)
  Sigmund (D:3)
  10 yaks
  Edmund (D:4)
  A water moccasin (D:11)
  A porcupine (D:9)
  2 orc warriors
  2 ice beasts
  3 sky beasts
  A black bear (D:9)
  A phantom (D:4)
  A swamp drake (D:10)
  A necrophage (D:6)
  7 ogres
  2 centaurs
  A crocodile (D:9)
  Blork the orc (D:10)
  14 big kobolds
  6 bullfrogs
  A gnoll sergeant (D:7)
  3 scorpions
  4 killer bees (D:10)
  13 wights
  3 electric eels (D:4)
  3 crimson imps
  6 howler monkeys
  A centaur zombie (D:5)
  3 hounds (D:4)
  7 orc priests
  2 bullfrog skeletons
  An iron imp (D:10)
  8 iguanas
  6 orc wizards
  Terence (D:3)
  9 worker ants
  A hound skeleton (D:4)
  A howler monkey zombie (D:11)
  A worker ant zombie (D:6)
  Robin (D:3)
  6 gnolls
  A howler monkey skeleton (D:4)
  11 adders
  4 shadow imps
  A white imp (D:10)
  An ooze (D:4)
  2 adder skeletons (D:7)
  8 worms
  A dart slug (D:1)
  2 leopard geckos
  44 orcs
  8 giant cockroaches
  15 goblins
  9 hobgoblins
  13 jackals
  4 quokkas
  5 bats
  5 frilled lizards
  23 kobolds
  2 leopard gecko skeletons
  A quokka skeleton (D:5)
  A quokka zombie (D:5)
  20 rats
  A bush (D:4)
337 creatures vanquished.

Vanquished Creatures (others)
  An orc (D:10)
  A plant (D:9)
2 creatures vanquished.

Grand Total: 339 creatures vanquished

Notes
Turn   | Place    | Note
-------+----------+-------------------------------------------
     0 | D:1      | Gravenous the Troll Arcane Marksman began the quest for the Orb.
     0 | D:1      | Reached XP level 1. HP: 18/18 MP: 1/1
    25 | D:1      | Reached skill level 1 in Fighting
    27 | D:1      | Reached skill level 1 in Unarmed Combat
    55 | D:1      | Reached XP level 2. HP: 26/27 MP: 2/2
   149 | D:1      | Reached skill level 2 in Unarmed Combat
   182 | D:1      | Reached XP level 3. HP: 28/33 MP: 3/3
   816 | D:2      | Reached skill level 3 in Unarmed Combat
   816 | D:2      | Reached XP level 4. HP: 4/42 MP: 4/4
  1299 | D:3      | Noticed Terence
  1314 | D:3      | Killed Terence
  1399 | D:3      | Found a snail-covered altar of Cheibriados.
  1399 | D:3      | Found a bloodstained altar of Trog.
  1412 | D:3      | Found a stormy altar of Qazlal.
  1413 | D:3      | Found a glowing golden altar of the Shining One.
  1413 | D:3      | Found a basalt altar of Yredelemnul.
  1413 | D:3      | Found a white marble altar of Elyvilon.
  1416 | D:3      | Found an ancient bone altar of Kikubaaqudgha.
  1451 | D:3      | Reached XP level 5. HP: 47/49 MP: 5/5
  1532 | D:3      | Found a shimmering altar of Xom.
  1601 | D:3      | Noticed Robin
  1611 | D:3      | Killed Robin
  1611 | D:3      | Reached skill level 4 in Unarmed Combat
  1820 | D:3      | Noticed a centaur
  1822 | D:3      | Noticed Sigmund
  1831 | D:3      | Killed a centaur
  1831 | D:3      | Reached XP level 6. HP: 27/59 MP: 6/6
  1841 | D:3      | Killed Sigmund
  1841 | D:3      | Reached skill level 5 in Unarmed Combat
  2039 | D:4      | Found a transporter.
  2057 | D:4      | Reached XP level 7. HP: 56/67 MP: 7/7
  2065 | D:4      | Reached skill level 6 in Unarmed Combat
  2116 | D:4      | Found a transporter.
  2412 | D:4      | Reached skill level 7 in Unarmed Combat
  2554 | D:4      | Noticed Edmund
  2562 | D:4      | Killed Edmund
  2650 | D:4      | Reached XP level 8. HP: 72/79 MP: 8/8
  3041 | D:5      | Entered Level 5 of the Dungeon
  3048 | D:5      | Noticed Grinder
  3059 | D:5      | Paralysed by Grinder for 6 turns
  3077 | D:5      | Reached skill level 8 in Unarmed Combat
  3085 | D:5      | Killed Grinder
  3085 | D:5      | Reached skill level 5 in Fighting
  3215 | D:5      | Found a stormy altar of Qazlal.
  3298 | D:5      | Reached skill level 9 in Unarmed Combat
  3667 | D:5      | You fall through a shaft for 2 floors!
  3804 | D:7      | Reached XP level 9. HP: 84/88 MP: 9/9
  3907 | D:7      | Found a runed gate.
  3908 | D:7      | Found a runed gate.
  3908 | D:7      | Noticed HaroldButt's ghost (novice DEIE)
  3909 | D:7      | Found a runed gate.
  4008 | D:7      | Reached skill level 10 in Unarmed Combat
  4128 | D:6      | Found a hazy altar of Hepliaklqana.
  4130 | D:6      | Found an iron altar of Okawaru.
  4136 | D:6      | Found an ornate altar of the Wu Jian Council.
  4333 | D:5      | Noticed a moth of wrath
  4337 | D:5      | Found a bloodstained altar of Trog.
  4511 | D:6      | Found an opulent altar of Gozag.
  4656 | D:7      | Found a staircase to the Ecumenical Temple.
  4826 | D:7      | Found a sacrificial altar of Ru.
  5128 | D:7      | Reached skill level 11 in Unarmed Combat
  5158 | D:7      | Killed HaroldButt's ghost
  5299 | D:7      | Reached XP level 10. HP: 100/100 MP: 10/10
  5954 | D:8      | Reached skill level 12 in Unarmed Combat
  6306 | D:9      | Found a runed door.
  6308 | D:9      | Noticed Atoenid's ghost (novice GrFi)
  6319 | D:9      | Killed Atoenid's ghost
  6428 | D:9      | Found a staircase to the Lair.
  6441 | D:9      | Found a sparkling altar of Nemelex Xobeh.
  6876 | D:9      | Reached skill level 13 in Unarmed Combat
  7108 | D:9      | Reached XP level 11. HP: 82/111 MP: 11/11
  7243 | D:10     | Entered Level 10 of the Dungeon
  7287 | D:10     | Noticed a two-headed ogre
  7295 | D:10     | Killed a two-headed ogre
  7451 | D:10     | Killed an unseen horror
  7653 | D:10     | Reached skill level 14 in Unarmed Combat
  8046 | D:10     | Found Tanafrecu's Armour Shop.
  8104 | D:10     | Noticed Blork the orc
  8127 | D:10     | Killed Blork the orc
  8220 | D:10     | Noticed a deep elf mage
  8240 | D:10     | Killed a deep elf mage
  8290 | D:10     | Noticed a deep elf mage
  8294 | D:10     | Killed a deep elf mage
  8754 | D:11     | Noticed an eight-headed hydra
  8911 | D:11     | Noticed an orc sorcerer
  9154 | D:11     | Noticed a wizard
  9167 | D:11     | Killed a wizard
  9241 | D:11     | Mangled by an eight-headed hydra

Skill      XL: |  1  2  3  4  5  6  7  8  9 10 11 |
---------------+----------------------------------+-----
Fighting       | 1 2 3 4 5 6 8 9 |  9.3
Unarmed Combat | 1 2 3 4 5 7 9 11 13 14 | 14.8
Throwing       | |  1.7
Dodging        | |  1.5
Spellcasting   | |  1.0
Hexes          | |  2.0

Action                   |  1- 3 |  4- 6 |  7- 9 | 10-12 || total
-------------------------+-------+-------+-------+-------++-------
Melee: Unarmed           |   131 |   133 |   367 |   488 ||  1119
       Punch             |       |       |    17 |    14 ||    31
Throw: Large rock        |       |       |     6 |     6 ||    12
       Throwing net      |       |       |       |     1 ||     1
Evoke: Wand              |       |       |     5 |     4 ||     9
  Use: Potion            |       |     1 |     1 |     5 ||     7
       Scroll            |       |       |    13 |     5 ||    18
 Stab: Sleeping          |     1 |     2 |       |       ||     3
  Eat: Chunk             |    13 |    11 |    26 |    37 ||    87
       Ration            |       |       |       |     1 ||     1
Armor: Robe              |    60 |    52 |    79 |   137 ||   328
Dodge: Dodged            |    70 |    61 |   166 |   175 ||   472
